← All builds
Beach sea / Cortex / Economy first / OBSERVED BUILD

Standard beach sea

The role's usual play: com goes to sea to build a shipyard around 2 minutes, pumping frigates and destroyers to contest enemy sea entry or hold vision, with an advanced metal extractor around 10 minutes as the transition into the team's…

Usually shipyard first (94%)

#naval #eco · 796 distinct matches · 106 players · 84% of Cortex Beach sea games · team won 55% of 859 · Recently observed

HOW TO PLAY IT

Key timing: Shipyard by 1:57

  1. Open 3 mex and wind while com heads straight to sea.
  2. Drop Shipyard fast, before 2:00, to seize early sea presence.
  3. Push "frigate" out to contest enemy sea entry or hold vision.
  4. Add "destroyer" as the fleet grows.
  5. Transition into Advanced Metal Extractor to catch up on eco.

Phase by phase

TYPICAL OF ITS 796 GAMES
  1. 1
  2. 2
  3. 3
PLAY THE OPENING

Follow the example game's first 6:00 step by step: what to build now, what comes next, and where it goes. At 1× it keeps pace with your own game.

  1. 1

    Up to the Shipyard

    Economy
    • Metal Extractor3Mex
    • Wind Turbine3Windfor allies
    • Wind Turbine2Wind
    • Energy Storage1Energy storage
    Order
    1. ShipyardShipyard after 3 mex, 2 wind, 1 energy storagedone ~1:57, middle half 1:45–2:08

    By 1:41 in all: 3 mex · 2 wind · 1 energy storage

    The example game in this phase · 5 steps
    1. Mex ×3
    2. Wind ×3for unknown
    3. GuardGuard
    4. Tidal ×2
    5. ShipyardShipyarddone 1:54 · typical 1:57
  2. 2

    Shipyard to 5:00

    Economy
    • Metal Extractor5Mex
    • Tidal Generator2Tidal
    Builders
    • Construction Ship2 Con ship
    Army
    • Riptide2 Frigate
    • Herring1 Missile corvette
    • Oppressor1 Destroyer
    Other
    • Naval Radar / Sonar Tower1 Naval Radar / Sonar Tower

    Some games also: Urchin (43%) · wind (40%) · submarine (39%) · gunboat (36%) · con turret (36%)

    By 5:00 in all: 8 mex · 3 wind · 2 tidal · 1 energy storage

    The example game in this phase · 19 steps
    1. Tidal
    2. Construction ShipCon ship
    3. Tidal ×3
    4. Construction ShipCon ship
    5. Tidal
    6. Mex
    7. Wind ×3
    8. HerringMissile corvette
    9. Wind
    10. Mex
    11. HerringMissile corvette
    12. Mex
    13. RiptideFrigatedone 3:49 · typical 3:52
    14. Mex
    15. HerringMissile corvette ×2
    16. Mex
    17. Death CavalryDeath Cavalry
    18. Con turret
    19. Death CavalryDeath Cavalry
  3. 3

    5:00 to 10:00

    Economy
    • Metal Extractor1Mex
    • Wind Turbine10Wind
    Builders
    • Death Cavalry1 Death Cavalry
    • Construction Ship1 Con ship
    Army
    • Urchin1 Urchin
    • Riptide5 Frigate
    • Oppressor2 Destroyer
    • Herring2 Missile corvette
    Other
    • Naval Radar / Sonar Tower1 Naval Radar / Sonar Tower

    Some games also: Naval Construction Turret (48%) · Guard (47%) · Radar Tower (41%) · tidal (38%) · con turret (35%)

    By 10:00 in all: 9 mex · 12 wind · 4 wind · 4 tidal · 1 energy storage · 1 Naval Construction Turret

    The example game in this phase · 79 steps
    1. OppressorDestroyerdone 5:42 · typical 5:10
    2. Mex ×2
    3. OrcaSubmarinedone 6:07
    4. GuardGuardfor Geo sea
    5. Wind
    6. OrcaSubmarine
    7. Wind
    8. OppressorDestroyer
    9. UrchinUrchin
    10. Radar TowerRadar Tower
    11. Wind
    12. ThistleThistle
    13. Advanced Metal ExtractorT2 mexdone 7:47 · typical 9:57
    14. ThistleThistle
    15. GuardGuard
    16. Wind
    17. GuardGuard
    18. UrchinUrchin
    19. Wind
    20. GuardGuard
    21. Converter
    22. Advanced Metal ExtractorT2 mex
    23. UrchinUrchin
    24. Converter
    25. RiptideFrigate
    26. Converter
    27. RiptideFrigate
    28. Converter
    29. RiptideFrigate
    30. Naval Radar / Sonar TowerNaval Radar / Sonar Tower ×2
    31. RiptideFrigate
    32. Advanced Metal ExtractorT2 mex
    33. HerringMissile corvette ×2
    34. Death CavalryDeath Cavalry
    35. Naval Radar / Sonar TowerNaval Radar / Sonar Tower
    36. Death CavalryDeath Cavalry ×2
    37. Naval Radar / Sonar TowerNaval Radar / Sonar Tower
    38. Death CavalryDeath Cavalry
    39. GuardGuard
    40. Advanced Metal ExtractorT2 mex
    41. Death CavalryDeath Cavalry
    42. GuardGuard
    43. Death CavalryDeath Cavalry
    44. Tidal
    45. Death CavalryDeath Cavalry
    46. Fusion ReactorFusiondone 13:40
    47. Con turret
    48. Tidal
    49. Con turret
    50. Tidal
    51. Con turret
    52. Death CavalryDeath Cavalry
    53. Con turret
    54. Tidal
    55. Naval Energy Storage
    56. Con turret ×2
    57. Tidal
    58. Death CavalryDeath Cavalry
    59. Tidal
    60. OppressorDestroyer
    61. Tidal ×2
    62. RiptideFrigate
    63. Fusion ReactorFusion
    64. Tidal
    65. HerringMissile corvette
    66. OppressorDestroyer
    67. Con turret
    68. Tidal ×2
    69. RiptideFrigate
    70. OppressorDestroyer
    71. Tidal ×2
    72. RiptideFrigate
    73. Tidal
    74. RiptideFrigate
    75. Tidal
    76. RiptideFrigate
    77. Tidal ×2
    78. OrcaSubmarine
    79. Tidal

Counts are medians over the build's games: half of them build more, half fewer. The example game is Killerassel's (36 OS, 27/09/2026); pick another.

Team trades

IN AT LEAST 30% OF ITS GAMES

You hand over

  • Wind Turbine3 Wind to Airfirst at 1:52 · in 78% of games

You get

  • Finch1 Finch from Airfirst at 1:58 · in 82% of games
  • Lazarus1 Lazarus from Geofirst at 2:14 · in 62% of games
  • Hephaestus1 Heavy transport from Airfirst at 2:16 · in 68% of games
  • Construction Bot1 Con bot from Geofirst at 2:27 · in 69% of games
  • Hercules1 Light transport from Airfirst at 2:33 · in 32% of games
  • Advanced Construction Bot1 T2 con bot from Techfirst at 8:09 · in 88% of games

How it plays out

Typical game of this build, running totals by minute

Metal produced

010k20k30k
0:005:0010:0015:00

metal

Enemy metal destroyed

05k10k
0:005:0010:0015:00

metal

Own metal lost

02.5k5k7.5k
0:005:0010:0015:00

metal

859 games.

Show as table
ByMetal produced: This buildEnemy metal destroyed: This buildOwn metal lost: This build
1:0040300
2:0093700
3:00156700
4:0025252150
5:003701197100
6:005034535251
7:0064811091590
8:00807618251040
9:00968328531610
10:001159139952340
11:001381852133090
12:001636061593830
13:001915472004615
14:002195583275730
15:002495293256631
WHAT THE NUMBERS SAY

Standard Beach sea wins more than Geo sea's 50% and gets its Shipyard up faster, using early sea access before falling behind on land resources.

  • + Shipyard finishes by 1:57, faster than Geo sea's 3:18
  • + 54% team win rate beats the Cortex geo sea baseline
  • − Metal produced trails Geo sea's Cortex build, 24356 vs 28451 by 15:00
  • − T2 factory only lands in 35% of games by 12:42
THE EXAMPLE YOU ARE READING

Killerassel

36.0 OS · 27/09/2026

Open source match ↗

5 received units · includes a constructor
707 metal received · 44981 energy received

Allied construction assistance is unknown. Timings are observations, not a promise of solo reproducibility.

Typical milestones

Shipyard1:57Middle 50%: 1:45–2:08 · n=857
Riptide3:52Middle 50%: 3:16–4:33 · n=845
Oppressor5:10Middle 50%: 4:13–6:08 · n=830
Advanced Metal Extractor9:57Middle 50%: 9:16–10:53 · n=730

Played most by

EpicTyrannus82games of this buildDamsko66games of this buildWaboum64games of this buildPRO_HYDRA58games of this buildMrCoolPotato51games of this build